 Dungeon Crawl Stone Soup version 0.21-a0-84-g85d6d27 (webtiles) character file.

53 Dfrag the Firebug (level 3, -12/24 HPs)
             Began as a Demonspawn Fire Elementalist on July 4, 2017.
             Mangled by a gnoll
             ... wielding a +0 flail
              (14 damage)
             ... on level 2 of the Dungeon.
             The game lasted 00:01:31 (1186 turns).

Dfrag the Firebug (Demonspawn Fire Elementalist)    Turns: 1186, Time: 00:01:32

Health: -12/24     AC:  2    Str:  8    XL:     3   Next: 64%
Magic:  4/6        EV: 13    Int: 17    God:
Gold:   84         SH:  0    Dex: 13    Spells: 5/6 levels left

rFire    . . .     SeeInvis .   e - +0 club
rCold    . . .     Gourm    .   (no shield)
rNeg     . . .     Faith    .   a - +0 robe
rPois    .         Spirit   .   (no helmet)
rElec    .         Reflect  .   (no cloak)
rCorr    .         Harm     .   (no gloves)
MR       .....                  (no boots)
Stlth    ++........             (no amulet)
HPRegen  0.08/turn              (no ring)
MPRegen  0.10/turn              (no ring)

@: no status effects
A: rot immunity
a: no special abilities


You were on level 2 of the Dungeon.
You were hungry.

You visited 1 branch of the dungeon, and saw 2 of its levels.

You collected 84 gold pieces.

Inventory:

Hand Weapons
 e - a +0 club (weapon)
Armour
 a - a +0 robe (worn)
Scrolls
 d - a scroll of enchant weapon {unknown}
 h - a scroll of remove curse {unknown}
 i - 3 scrolls of identify {unknown}
 j - a scroll of amnesia {unknown}
 k - 2 scrolls of teleportation {unknown}
 l - a scroll of fear {unknown}
Potions
 g - a potion of brilliance {unknown}
Books
 b - a book of Flames

   Spells                             Type                      Level
   a - Flame Tongue                   Conjuration/Fire             1
   b - Throw Flame                    Conjuration/Fire             2
   c - Conjure Flame                  Conjuration/Fire             3
   d - Inner Flame                    Hexes/Fire                   3
   e - Sticky Flame                   Conjuration/Fire             4
   f - Fireball                       Conjuration/Fire             5
Comestibles
 c - a bread ration
 f - 2 meat rations


   Skills:
 + Level 0.2 Fighting
 + Level 0.3 Maces & Flails
 + Level 2.5 Dodging
 + Level 2.1 Stealth
 + Level 2.3 Spellcasting
 + Level 1.2 Conjurations
 + Level 3.1 Fire Magic


You had 5 spell levels left.
You knew the following spells:

 Your Spells              Type           Power        Failure   Level  Hunger
a - Flame Tongue          Conj/Fire      #....        8%          1    #......


Dungeon Overview and Level Annotations

Branches:
Dungeon (2/15)

Altars:


Innate Abilities, Weirdness & Mutations

You are immune to rotting.


Message History

Casting: Flame Tongue
Confirm with . or Enter, or press ? or * to list all spells.
Aiming: Flame Tongue
Press: ? - help, Shift-Dir - straight line, f - gnoll
Aim: a gnoll, wielding a flail The flame tongue hits the gnoll.
The gnoll is moderately wounded.
The gnoll barely misses you.
The gnoll hits you from afar with a spear.
Casting: Flame Tongue
Confirm with . or Enter, or press ? or * to list all spells.
Aiming: Flame Tongue
Press: ? - help, Shift-Dir - straight line, f/p - gnoll
Aim: a gnoll, wielding a flail (moderately wounded)
The flame tongue misses the gnoll. x2
The gnoll hits you from afar with a spear.
* * * LOW HITPOINT WARNING * * *
The gnoll hits you with a flail!
Ouch! That really hurt!
You die...

#.?...$.....#
#.#.###g###.#
#.# #g# #.#
#.# #?# #.#
#.###g# #.#
#.....# #.# #
#.##### #.#
#.#.#######.#
#.....gg@...#
###.#########
#.# #.# #.#
#.# #.. #.#


You could see 2 gnolls.

Vanquished Creatures
  A gnoll (D:1)
  An adder (D:2)
  An ooze (D:1)
  A dart slug (D:1)
  A leopard gecko (D:1)
  3 bats
  2 giant cockroaches (D:1)
  A goblin (D:1)
  5 hobgoblins (D:1)
  3 jackals (D:1)
  3 kobolds (D:1)
  4 rats (D:1)
26 creatures vanquished.

Notes
Turn   | Place    | Note
-------+----------+-------------------------------------------
     0 | D:1      | Dfrag the Demonspawn Fire Elementalist began the quest for the Orb.
     0 | D:1      | Reached XP level 1. HP: 13/13 MP: 3/3
   166 | D:1      | Gained mutation: You are immune to rotting. [demonic ancestry]
   166 | D:1      | Reached XP level 2. HP: 14/19 MP: 1/5
   332 | D:1      | Reached skill level 3 in Fire Magic
   486 | D:1      | Reached XP level 3. HP: 24/24 MP: 2/6
  1186 | D:2      | Mangled by a gnoll

Vault maps used:
D:1:      dpeg_arrival_oval
D:2:      first_bread

Skill      XL: |  1  2 |
---------------+-------+-----
Dodging        | 2 |  2.5
Stealth        | 2 |  2.1
Fire Magic     | 3 |  3.1
Fighting       | |  0.2
Maces & Flails | |  0.3
Spellcasting   | |  2.3
Conjurations   | |  1.2

Action                   || total
-------------------------++-------
Melee: Unarmed           ||    10
       Club              ||    47
 Cast: Flame Tongue      ||    49
  Eat: Chunk             ||     1
Armor: Robe              ||    18
Dodge: Dodged            ||    61
